 Dungeon Crawl Stone Soup version 0.30.0-29-ga12c61a403 (webtiles) character file.

Game seed: 5435851689232090548

17849 qw the Cleaver (level 12, -1/77 HPs)
             Began as a Gargoyle Fighter on June 5, 2023.
             Was an Elder of Okawaru.
             Slain by a seven-headed hydra (7 damage)
             ... on level 3 of the Lair of Beasts.
             The game lasted 00:05:13 (10352 turns).

qw the Cleaver (Gargoyle Fighter)                  Turns: 10352, Time: 00:05:13

Health: -1/77      AC: 26    Str: 24    XL:     12   Next: 52%
Magic:  19/19      EV: 15    Int: 10    God:    Okawaru [****..]
Gold:   535        SH:  6    Dex:  9    Spells: 11/11 levels left

rFire   . . .        g - +0 flail
rCold   . . .        c - +0 buckler
rNeg    + . .        i - +0 chain mail
rPois   inf          k - +2 hat
rElec   +            j - +2 cloak
rCorr   .            (no gloves)
SInv    +            (no boots)
Will    .....        e - amulet of the acrobat Stlth
                     o - +5 ring of evasion
HPRegen 0.32/turn    q - ring of see invisible
MPRegen 0.16/turn

%: acrobat
@: heroic
A: sickness immunity, AC +8, negative energy resistance 1, electricity
resistance, torment resistance 1, petrification resistance
a: Renounce Religion, Heroism, Finesse


You were on level 3 of the Lair of Beasts.
You worshipped Okawaru.
Okawaru was greatly pleased with you.
You visited 3 branches of the dungeon, and saw 12 of its levels.

You collected 535 gold pieces.


Innate Abilities, Weirdness & Mutations

You are immune to sickness and miasma.
Your stone body is resilient. (AC +8)
You are immune to poison.
You resist negative energy. (rN+)
You are resistant to electric shocks. (rElec)
You are resistant to unholy torment.
You are immune to petrification.


   Skills:
 - Level 10.0(15.0) Fighting
 + Level 12.5(17.5) Axes
 - Level 4.2(9.2) Throwing
 - Level 6.0(11.0) Armour
 - Level 2.2(7.2) Dodging
 - Level 6.0(11.0) Shields
 - Level 10.0 Invocations


You had 11 spell levels left.
You didn't know any spells.
Your spell library was empty.

Inventory:

Hand Weapons
 b - a +0 spectral war axe
 g - a +0 flail (weapon)
 m - a +0 broad axe
Armour
 c - a +0 buckler (worn)
 i - a +0 chain mail (worn)
 j - a +2 cloak (worn)
 k - a +2 hat (worn)
 l - a +0 hat of see invisible
Jewellery
 e - an amulet of the acrobat (around neck)
 h - a ring of protection from fire
 o - a +5 ring of evasion (left hand)
 q - a ring of see invisible (right hand)
 r - a ring of ice
 w - a ring of protection from cold
 x - a ring of resist corrosion
Scrolls
 a - 9 scrolls of identify
 v - a scroll of immolation {unknown}
 y - a scroll of magic mapping {unknown}
 Y - a scroll of enchant armour
Potions
 d - 3 potions of might
 f - a potion of attraction
 n - 2 potions of cancellation
 p - a potion of haste
 s - a potion of lignification
 t - a potion of mutation
 u - a potion of curing

Dungeon Overview and Level Annotations

Branches:
Dungeon (8/15)             Temple (1/1) D:4            Lair (3/5) D:8
 Shoals (0/4) Lair:3        Snake (0/4) Lair:2

Altars:
Ashenzari
Dithmenos
Elyvilon
Fedhas
Gozag
Hepliaklqana
Kikubaaqudgha
Makhleb
Okawaru
Qazlal
Ru
Sif Muna
Trog
Uskayaw
Vehumet
Wu Jian
Xom
Yredelemnul
Zin
The Shining One

Shops:
D:1 ?

Annotations:
D:3 2 transporters, qw's ghost, amateur GrFi


Message History

The seven-headed hydra completely misses you.
The seven-headed hydra closely misses you.
The seven-headed hydra bites you but does no damage. x2
You block the seven-headed hydra's attack.
The seven-headed hydra misses you.
You sock the seven-headed hydra!
The seven-headed hydra is almost dead.
The seven-headed hydra bites you!
The seven-headed hydra bites you but does no damage. x2
The seven-headed hydra completely misses you.
The seven-headed hydra barely misses you.
You block the seven-headed hydra's attack.
The seven-headed hydra bites you.
You hit the seven-headed hydra.
The seven-headed hydra is almost dead.
The seven-headed hydra bites you but does no damage.
You block the seven-headed hydra's attack.
The seven-headed hydra bites you!
The seven-headed hydra bites you but does no damage. x2
The seven-headed hydra bites you.
The seven-headed hydra completely misses you.
You hit the seven-headed hydra.
The seven-headed hydra is almost dead.
You hit the seven-headed hydra.
The seven-headed hydra is almost dead.
The seven-headed hydra misses you.
The seven-headed hydra completely misses you.
You block the seven-headed hydra's attack.
The seven-headed hydra barely misses you.
The seven-headed hydra closely misses you.
The seven-headed hydra completely misses you.
The seven-headed hydra bites you but does no damage.
You barely miss the seven-headed hydra.
The seven-headed hydra is almost dead.
You block the seven-headed hydra's attack.
The seven-headed hydra bites you but does no damage.
The seven-headed hydra bites you.
The seven-headed hydra closely misses you.
The seven-headed hydra bites you!
You die...

....#P..###......#.#.............
...#######.......+...#....)......
...# ##......##.#...........+
...# ####'####.##...[.......
...## #...####.#P##%##.### ..#.#
##..## ######.#### ##### ##.P#
#..# # # #..# ##.## ##.P #@##
#..# ...P# #....D...# ##.## .....
...........# ##..# .....
#.........## #..## .....
#.........# ##.# ...##
##........# #..# #.## #.........
##.# .# #.........# ##..# . #P.P#


You could see a seven-headed hydra.

Vanquished Creatures
  Erica (Lair:2)
  2 skysharks
  5 elephants (Lair:2)
  Psyche (D:8)
  3 cane toads
  3 komodo dragons
  6 blink frogs (Lair:3)
  5 dream sheep (Lair:2)
  Prince Ribbit (D:6)
  A snapping turtle (Lair:3)
  2 wyverns
  Eustachio (D:6)
  20 yaks
  2 basilisks
  Grum (D:8)
  A steam dragon (D:8)
  An acid dragon (D:5)
  4 nagas (Lair:2)
  7 water moccasins
  2 ice beasts
  4 black bears
  2 orc warriors
  2 sky beasts
  3 ogres
  7 wolves
  2 centaurs
  A phantom (D:4)
  2 kobold brigands
  17 bullfrogs
  2 scorpions (D:6)
  5 wights (D:8)
  8 killer bees (D:8)
  4 howler monkeys
  2 jellies
  An electric eel (Lair:2)
  8 orc priests
  A gnoll bouda (D:6)
  4 hounds
  2 sleepcaps
  3 iguanas
  9 orc wizards
  12 gnolls
  3 adders (D:3)
  3 white imps
  5 worms
  5 dart slugs
  22 orcs
  11 bats
  7 endoplasms
  5 giant cockroaches
  6 goblins
  6 hobgoblins
  6 jackals
  14 kobolds
  4 quokkas
  5 ball pythons
  3 frilled lizards (D:2)
  5 rats
280 creatures vanquished.

Vanquished Creatures (others)
  A spectral weapon (Lair:2)
1 creature vanquished.

Grand Total: 281 creatures vanquished

Notes
Turn   | Place    | Note
-------+----------+-------------------------------------------
     0 | D:1      | qw the Gargoyle Fighter began the quest for the Orb.
     0 | D:1      | Reached XP level 1. HP: 14/14 MP: 1/1
     0 | D:1      | 0 ||| qw: Version: 0.2-a-108-gee2c290
     0 | D:1      | 0 ||| qw: Game counter: 1471
     0 | D:1      | 0 ||| qw: Always use a shield: true
     0 | D:1      | 0 ||| qw: God list: Okawaru
     0 | D:1      | 0 ||| qw: Allow faded altars: false
     0 | D:1      | 0 ||| qw: Do Orc after D:15 true
     0 | D:1      | 0 ||| qw: Do second Lair branch before Depths: true
     0 | D:1      | 0 ||| qw: Lair rune preference: random
     0 | D:1      | 0 ||| qw: Plans: Normal, Zot:1-4, Slime:5, God:TSO, Crypt,
                  | Tomb, Abyss, Pan, Hells, Win
     0 | D:1      | 0 ||| PLANNING D:1-11
    39 | D:1      | Reached skill level 2 in Axes
    75 | D:1      | Reached XP level 2. HP: 18/19 MP: 2/2
   104 | D:1      | Found Vailubuj's Magic Scroll Emporium.
   107 | D:1      | 107 ||| SHOPLISTING 2 scrolls of teleportation (84 gold,
                  | have 15).
   107 | D:1      | 107 ||| SHOPLISTING scroll of teleportation (42 gold, have
                  | 15).
   279 | D:1      | 279 ||| Stepping ~*~*~tactically~*~*~ (hiding).
   434 | D:1      | Reached skill level 3 in Axes
   584 | D:1      | Reached XP level 3. HP: 23/23 MP: 3/3
   613 | D:1      | 613 ||| UPGRADING to +0 chain mail.
   623 | D:1      | 623 ||| DROPPING +0 scale mail.
   624 | D:1      | 624 ||| UPGRADING to +1 cloak.
   629 | D:1      | 629 ||| READING 5 scrolls labelled TIEXIL HEYJIT.
   630 | D:1      | 630 ||| READING scroll labelled GERGHEN NUMYSM.
   634 | D:1      | 634 ||| READING scroll labelled GAOPRYCSIT.
   635 | D:1      | 635 ||| DRINKING 2 cyan potions.
   739 | D:1      | 739 ||| READING 4 scrolls of identify.
   739 | D:1      | 739 ||| IDENTIFYING pink potion
   740 | D:1      | 740 ||| DROPPING potion of berserk rage.
   811 | D:2      | 811 ||| Stepping ~*~*~tactically~*~*~ (hiding).
   814 | D:2      | 814 ||| Stepping ~*~*~tactically~*~*~ (hiding).
   822 | D:2      | 822 ||| FLEEEEING.
   823 | D:2      | 823 ||| FLEEEEING.
   824 | D:2      | 824 ||| FLEEEEING.
   825 | D:2      | 825 ||| FLEEEEING.
   826 | D:2      | 826 ||| FLEEEEING.
   827 | D:2      | 827 ||| Stepping ~*~*~tactically~*~*~ (stealth).
   849 | D:2      | 849 ||| Stepping ~*~*~tactically~*~*~ (stealth).
   859 | D:2      | 859 ||| Stepping ~*~*~tactically~*~*~ (stealth).
   861 | D:2      | 861 ||| Stepping ~*~*~tactically~*~*~ (stealth).
   862 | D:2      | 862 ||| Stepping ~*~*~tactically~*~*~ (stealth).
   899 | D:2      | 899 ||| Stepping ~*~*~tactically~*~*~ (stealth).
  1167 | D:2      | Reached XP level 4. HP: 28/28 MP: 4/4
  1324 | D:2      | 1324 ||| UPGRADING to amulet of the acrobat.
  1329 | D:2      | 1329 ||| READING scroll labelled NIP DODEDDYET.
  1330 | D:2      | 1330 ||| READING scroll labelled BESIGIPIMPO.
  1431 | D:2      | 1431 ||| READING scroll labelled YDUTWA JAODISM.
  1432 | D:2      | 1432 ||| READING scroll labelled LON QEONTYNER.
  1433 | D:2      | 1433 ||| DRINKING 2 fizzy green potions.
  1434 | D:2      | 1434 ||| DRINKING 2 silvery potions.
  1435 | D:2      | 1435 ||| READING 6 scrolls of identify.
  1435 | D:2      | 1435 ||| IDENTIFYING puce potion
  1436 | D:2      | 1436 ||| READING 5 scrolls of identify.
  1436 | D:2      | 1436 ||| IDENTIFYING purple potion
  1437 | D:2      | 1437 ||| READING 4 scrolls of identify.
  1437 | D:2      | 1437 ||| IDENTIFYING grey potion
  1438 | D:2      | 1438 ||| READING 3 scrolls of identify.
  1438 | D:2      | 1438 ||| IDENTIFYING emerald potion
  1439 | D:2      | 1439 ||| DROPPING potion of invisibility.
  1440 | D:2      | 1440 ||| DROPPING potion of degeneration.
  1441 | D:2      | 1441 ||| DROPPING potion of brilliance.
  1464 | D:3      | Noticed qw's ghost (amateur GrFi)
  1464 | D:3      | Found a transporter.
  1522 | D:3      | Reached skill level 4 in Axes
  1552 | D:3      | 1552 ||| DRINKING potion of curing.
  1552 | D:3      | 1552 ||| (to cure confusion)
  1560 | D:3      | 1560 ||| DROPPING +0 whip.
  1579 | D:3      | 1579 ||| FLEEEEING.
  1598 | D:3      | Reached XP level 5. HP: 32/32 MP: 5/5
  1868 | D:3      | Found a transporter.
  1932 | D:3      | 1932 ||| UPGRADING to +1 hat.
  1937 | D:3      | 1937 ||| READING scroll labelled VIWNIT WEVUIPH.
  2015 | D:4      | 2015 ||| Stepping ~*~*~tactically~*~*~ (hiding).
  2101 | D:4      | Noticed an ogre
  2107 | D:4      | Killed an ogre
  2108 | D:4      | Reached skill level 5 in Axes
  2108 | D:4      | Reached XP level 6. HP: 37/37 MP: 6/6
  2115 | D:4      | Found a bloodstained altar of Trog.
  2130 | D:4      | Found a staircase to the Ecumenical Temple.
  2131 | D:4      | 2131 ||| PLANNING TEMPLE
  2131 | D:4      | 2131 ||| DROPPING +3 scale mail.
  2132 | D:4      | 2132 ||| UPGRADING to ring of protection from fire.
  2133 | D:4      | 2133 ||| READING scroll labelled FASASE TEACS.
  2139 | Temple   | Entered the Ecumenical Temple
  2224 | Temple   | 2224 ||| PLANNING OKAWARU WORSHIP
  2338 | Temple   | Became a worshipper of Warmaster Okawaru
  2338 | Temple   | 2338 ||| PLANNING D:1-11
  2361 | D:4      | Noticed a black bear
  2363 | D:4      | 2363 ||| Stepping ~*~*~tactically~*~*~ (stealth).
  2368 | D:4      | Killed a black bear
  2461 | D:4      | Reached skill level 6 in Axes
  2489 | D:4      | Reached * piety under Okawaru
  2490 | D:4      | Reached skill level 1 in Dodging
  2490 | D:4      | Reached XP level 7. HP: 44/44 MP: 7/7
  2520 | D:4      | 2520 ||| Stepping ~*~*~tactically~*~*~ (hiding).
  2521 | D:4      | 2521 ||| Stepping ~*~*~tactically~*~*~ (hiding).
  2522 | D:4      | 2522 ||| INVOKING Heroism.
  2632 | D:4      | Found a hazy altar of Hepliaklqana.
  2796 | D:4      | Reached skill level 1 in Invocations
  2803 | D:4      | Found a shimmering blue altar of Sif Muna.
  2895 | D:4      | 2895 ||| READING 6 scrolls of identify.
  2895 | D:4      | 2895 ||| IDENTIFYING green potion
  2921 | D:5      | Entered Level 5 of the Dungeon
  2921 | D:5      | Found a sacrificial altar of Ru.
  2929 | D:5      | Reached skill level 1 in Throwing
  2935 | D:5      | Found a hide-covered altar of Uskayaw.
  2953 | D:5      | 2953 ||| Stepping ~*~*~tactically~*~*~ (stealth).
  3267 | D:5      | 3267 ||| INVOKING Heroism.
  3268 | D:5      | 3268 ||| INVOKING Heroism.
  3272 | D:5      | Reached XP level 8. HP: 48/48 MP: 6/10
  3328 | D:5      | You fall into a shaft and drop 2 floors!
  3363 | D:7      | 3363 ||| Stepping ~*~*~tactically~*~*~ (hiding).
  3369 | D:7      | Reached skill level 3 in Invocations
  3483 | D:7      | 3483 ||| Stepping ~*~*~tactically~*~*~ (stealth).
  3484 | D:7      | 3484 ||| Stepping ~*~*~tactically~*~*~ (stealth).
  3492 | D:7      | 3492 ||| Stepping ~*~*~tactically~*~*~ (hiding).
  3498 | D:7      | Noticed a wyvern
  3509 | D:7      | 3509 ||| INVOKING Heroism.
  3515 | D:7      | HP: 1/48 [wyvern (14)]
  3516 | D:7      | 3516 ||| DRINKING potion of heal wounds.
  3520 | D:7      | Killed a wyvern
  3668 | D:7      | Reached skill level 7 in Axes
  3721 | D:7      | Reached ** piety under Okawaru
  3733 | D:7      | 3733 ||| UPGRADING to ring of see invisible.
  3734 | D:7      | 3734 ||| READING scroll labelled LYIPIE YVOF.
  3735 | D:7      | 3735 ||| READING scroll labelled MONONIRONA.
  3753 | D:6      | 3753 ||| INVOKING Heroism.
  3757 | D:6      | Reached skill level 8 in Axes
  3800 | D:6      | 3800 ||| INVOKING Heroism.
  3805 | D:6      | Noticed Prince Ribbit
  3806 | D:6      | 3806 ||| Stepping ~*~*~tactically~*~*~ (stealth).
  3807 | D:6      | 3807 ||| Stepping ~*~*~tactically~*~*~ (stealth).
  3813 | D:6      | Reached skill level 6 in Fighting
  3813 | D:6      | Reached XP level 9. HP: 46/55 MP: 10/12
  3847 | D:6      | 3847 ||| INVOKING Heroism.
  3859 | D:6      | Killed Prince Ribbit
  3893 | D:6      | 3893 ||| INVOKING Heroism.
  3989 | D:6      | Noticed Eustachio
  3990 | D:6      | 3990 ||| INVOKING Heroism.
  3994 | D:6      | Killed Eustachio
  3995 | D:6      | Reached skill level 9 in Axes
  4133 | D:5      | 4133 ||| INVOKING Heroism.
  4174 | D:5      | 4174 ||| Stepping ~*~*~tactically~*~*~ (hiding).
  4421 | D:5      | 4421 ||| Stepping ~*~*~tactically~*~*~ (hiding).
  4424 | D:5      | 4424 ||| Stepping ~*~*~tactically~*~*~ (hiding).
  4722 | D:5      | 4722 ||| Stepping ~*~*~tactically~*~*~ (hiding).
  4878 | D:5      | 4878 ||| INVOKING Heroism.
  4942 | D:5      | 4942 ||| DRINKING 2 white potions.
  4948 | D:5      | 4948 ||| READING 7 scrolls of identify.
  4948 | D:5      | 4948 ||| IDENTIFYING golden potion
  4949 | D:5      | 4949 ||| DROPPING potion of ambrosia.
  4972 | D:6      | 4972 ||| Stepping ~*~*~tactically~*~*~ (hiding).
  4993 | D:6      | 4993 ||| Stepping ~*~*~tactically~*~*~ (stealth).
  5049 | D:6      | 5049 ||| Stepping ~*~*~tactically~*~*~ (hiding).
  5050 | D:6      | 5050 ||| Stepping ~*~*~tactically~*~*~ (hiding).
  5054 | D:6      | 5054 ||| INVOKING Heroism.
  5058 | D:6      | Reached skill level 3 in Throwing
  5182 | D:6      | Found a basalt altar of Yredelemnul.
  5494 | D:6      | 5494 ||| UPGRADING to +5 ring of evasion.
  5496 | D:6      | 5496 ||| READING scroll labelled YKUUSE GALI.
  5578 | D:7      | Found a radiant altar of Vehumet.
  5579 | D:7      | 5579 ||| INVOKING Heroism.
  5719 | D:7      | 5719 ||| Stepping ~*~*~tactically~*~*~ (hiding).
  5720 | D:7      | 5720 ||| INVOKING Heroism.
  5857 | D:7      | 5857 ||| Stepping ~*~*~tactically~*~*~ (hiding).
  5862 | D:7      | 5862 ||| INVOKING Heroism.
  5876 | D:7      | Reached XP level 10. HP: 50/63 MP: 11/13
  6300 | D:8      | Reached skill level 10 in Axes
  6310 | D:8      | 6310 ||| Stepping ~*~*~tactically~*~*~ (stealth).
  6314 | D:8      | 6314 ||| INVOKING Heroism.
  6317 | D:8      | 6317 ||| Stepping ~*~*~tactically~*~*~ (cloud).
  6319 | D:8      | 6319 ||| Stepping ~*~*~tactically~*~*~ (cloud).
  6320 | D:8      | 6320 ||| Stepping ~*~*~tactically~*~*~ (cloud).
  6445 | D:8      | 6445 ||| INVOKING Heroism.
  6476 | D:8      | 6476 ||| Stepping ~*~*~tactically~*~*~ (stealth).
  6497 | D:8      | Noticed Psyche
  6498 | D:8      | 6498 ||| Stepping ~*~*~tactically~*~*~ (stealth).
  6506 | D:8      | 6506 ||| Stepping ~*~*~tactically~*~*~ (stealth).
  6508 | D:8      | 6508 ||| INVOKING Heroism.
  6522 | D:8      | Killed Psyche
  6669 | D:8      | Found a shimmering altar of Xom.
  6889 | D:8      | Noticed Grum
  6890 | D:8      | 6890 ||| INVOKING Heroism.
  6898 | D:8      | Reached *** piety under Okawaru
  6905 | D:8      | Killed Grum
  6911 | D:8      | Reached skill level 11 in Axes
  7039 | D:8      | Found a staircase to the Lair.
  7040 | D:8      | 7040 ||| INVOKING Heroism.
  7124 | D:8      | 7124 ||| PLANNING LAIR
  7124 | D:8      | 7124 ||| READING 4 scrolls labelled FYRAUMN FAESMAKKO.
  7125 | D:8      | 7125 ||| READING 3 scrolls of enchant armour.
  7125 | D:8      | 7125 ||| ENCHANTING +1 hat.
  7126 | D:8      | 7126 ||| READING 2 scrolls of enchant armour.
  7126 | D:8      | 7126 ||| ENCHANTING +1 cloak.
  7127 | D:8      | 7127 ||| READING 9 scrolls of identify.
  7127 | D:8      | 7127 ||| IDENTIFYING amethyst potion
  7143 | Lair:1   | Entered Level 1 of the Lair of Beasts
  7149 | Lair:1   | Reached **** piety under Okawaru
  7155 | Lair:1   | 7155 ||| STAIRDANCE
  7206 | Lair:1   | Reached XP level 11. HP: 69/69 MP: 14/14
  7742 | Lair:1   | Noticed a skyshark
  7749 | Lair:1   | Killed a skyshark
  7750 | Lair:1   | Reached skill level 9 in Fighting
  7802 | Lair:1   | Reached ***** piety under Okawaru
  7804 | Lair:1   | Reached skill level 6 in Invocations
  7882 | Lair:1   | 7882 ||| INVOKING Heroism.
  8138 | Lair:2   | 8138 ||| INVOKING Heroism.
  8140 | Lair:2   | Received a gift from Okawaru
  8143 | Lair:2   | Reached skill level 6 in Armour
  8145 | Lair:2   | 8145 ||| Stepping ~*~*~tactically~*~*~ (hiding).
  8160 | Lair:2   | 8160 ||| INVOKING Heroism.
  8330 | Lair:2   | Found a staircase to the Snake Pit.
  8462 | Lair:2   | Noticed Erica
  8463 | Lair:2   | 8463 ||| INVOKING Heroism.
  8471 | Lair:2   | Killed Erica
  8552 | Lair:2   | 8552 ||| INVOKING Heroism.
  8575 | Lair:2   | 8575 ||| READING 10 scrolls of identify.
  8575 | Lair:2   | 8575 ||| IDENTIFYING murky white potion
  8576 | Lair:2   | 8576 ||| DROPPING potion of flight.
  8580 | Lair:2   | 8580 ||| Stepping ~*~*~tactically~*~*~ (stealth).
  8587 | Lair:2   | 8587 ||| FLEEEEING.
  8588 | Lair:2   | 8588 ||| FLEEEEING.
  8589 | Lair:2   | 8589 ||| FLEEEEING.
  8590 | Lair:2   | 8590 ||| FLEEEEING.
  8706 | Lair:2   | Identified the +1 robe of Prudence {rElec Will+ Int-2
                  | Dex+2} (Okawaru gifted it to you on level 2 of the Lair of
                  | Beasts)
  8706 | Lair:2   | Received a gift from Okawaru
  8715 | Lair:2   | Reached skill level 12 in Axes
  8715 | Lair:2   | Reached skill level 9 in Invocations
  8715 | Lair:2   | Reached XP level 12. HP: 66/76 MP: 18/18
  8747 | Lair:2   | 8747 ||| Stepping ~*~*~tactically~*~*~ (stealth).
  8773 | Lair:2   | 8773 ||| Stepping ~*~*~tactically~*~*~ (stealth).
  8793 | Lair:2   | 8793 ||| Stepping ~*~*~tactically~*~*~ (stealth).
  8796 | Lair:2   | 8796 ||| Stepping ~*~*~tactically~*~*~ (stealth).
  8808 | Lair:2   | 8808 ||| Stepping ~*~*~tactically~*~*~ (stealth).
  8809 | Lair:2   | 8809 ||| Stepping ~*~*~tactically~*~*~ (stealth).
  8813 | Lair:2   | 8813 ||| Stepping ~*~*~tactically~*~*~ (stealth).
  8817 | Lair:2   | 8817 ||| Stepping ~*~*~tactically~*~*~ (stealth).
  8825 | Lair:2   | 8825 ||| Stepping ~*~*~tactically~*~*~ (stealth).
  8925 | Lair:2   | Found a hazy altar of Hepliaklqana.
  9195 | Lair:2   | 9195 ||| Stepping ~*~*~tactically~*~*~ (stealth).
  9295 | Lair:3   | 9295 ||| INVOKING Heroism.
  9300 | Lair:3   | Reached skill level 6 in Shields
  9329 | Lair:3   | 9329 ||| INVOKING Heroism.
  9393 | Lair:3   | Noticed a skyshark
  9395 | Lair:3   | 9395 ||| INVOKING Heroism.
  9403 | Lair:3   | Killed a skyshark
  9497 | Lair:3   | Found a staircase to the Shoals.
  9502 | Lair:3   | 9502 ||| INVOKING Heroism.
  9504 | Lair:3   | HP: 12/76 [snapping turtle (14)]
  9505 | Lair:3   | 9505 ||| READING scroll of teleportation.
  9752 | Lair:3   | 9752 ||| INVOKING Heroism.
  9903 | Lair:3   | 9903 ||| Stepping ~*~*~tactically~*~*~ (stealth).
  9905 | Lair:3   | 9905 ||| Stepping ~*~*~tactically~*~*~ (stealth).
  9976 | Lair:3   | 9976 ||| INVOKING Heroism.
  9985 | Lair:3   | 9985 ||| Stepping ~*~*~tactically~*~*~ (hiding).
 10085 | Lair:3   | 10085 ||| INVOKING Heroism.
 10255 | Lair:3   | 10255 ||| INVOKING Heroism.
 10329 | Lair:3   | Noticed a seven-headed hydra
 10330 | Lair:3   | 10330 ||| INVOKING Heroism.
 10337 | Lair:3   | 10337 ||| SWAPPING to +0 flail.
 10349 | Lair:3   | HP: 9/77 [seven-headed hydra (11)]
 10352 | Lair:3   | Slain by a seven-headed hydra

Levels and vault maps discovered:
D:1:      psy_arrival_heroes, layout_rooms, serial_shops,
          nicolae_shop_window_shopping
D:2:      kennysheep_six_static_rooms, layout_rooms, minmay_circle_x
D:3:      layout_rooms, gammafunk_ghost_mausoleum, dk_noncrumbling_4,
          hangedman_feature_mirror
D:4:      layout_basic, tgw_sif, mainiacjoe_overflow_concentric_impassable,
          trog_book, temple_green
D:5:      layout_loops_corners, grunt_temple_overflow_open
D:6:      layout_basic, yredelemnul_altar_generic, uniq_eustachio,
          uniq_prince_ribbit1
D:7:      layout_loops_ring, nicolae_vehumet_radiance, grunt_ministairs_2
D:8:      layout_loops_cross, lemuel_coloured_pillars_altar,
          grunt_lair_entry_orc_guard_hut, minmay_microvault, uniq_psyche,
          uniq_grum
Temple:   nicolae_temple_slightly_damp_pantheon
Lair:1:   layout_cave_pods, lemuel_fruit_tree
Lair:2:   layout_regular_city, minmay_snake_entry_guardpost_small, basic_altar,
          nicolae_lair_grazing_beasts [nicolae_sub_lair_graze_edge,
          nicolae_sub_lair_graze_edge, nicolae_sub_lair_graze_edge,
          nicolae_sub_lair_graze_edge], uniq_erica
Lair:3:   layout_roguey, minmay_shoals_entry_hut

Skill      XL: |  1  2  3  4  5  6  7  8  9 10 11 12 |
---------------+-------------------------------------+-----
Axes           | 2 3 4 5 6 8 9 11 12 | 12.5
Fighting       | 4 6 7 8 9 10 | 10.0
Dodging        | 1 2 |  2.2
Invocations    | 2 4 9 10 | 10.0
Throwing       | 2 3 4 |  4.2
Armour         | 4 5 6 |  6.0
Shields        | 4 5 6 |  6.0

Action                     |  1- 3 |  4- 6 |  7- 9 | 10-12 || total
---------------------------+-------+-------+-------+-------++-------
  Melee: War axe           |    73 |    57 |   226 |   316 ||   672
         Flail             |       |       |       |    15 ||    15
  Throw: Boomerang         |    27 |    35 |    39 |    68 ||   169
         Javelin           |       |       |    27 |    35 ||    62
 Invoke: Heroism           |       |       |    14 |    19 ||    33
    Use: Scroll            |     4 |    10 |     5 |     6 ||    25
         Potion            |     1 |     3 |     2 |       ||     6
   Stab: Distracted        |       |       |     3 |     6 ||     9
 Armour: Scale mail        |    23 |       |       |       ||    23
         Chain mail        |    10 |    26 |    78 |   131 ||   245
  Dodge: Dodged            |    27 |    19 |    84 |   180 ||   310
  Block: Buckler           |     8 |    13 |    28 |    37 ||    86

Table legend:
 A = Non-vault XP
 B = Vault XP
 C = Vault XP percentage of total XP
 D = Non-vault monster count
 E = Vault monster count
 F = Vault count percentage of total count
                 A         B        C        D         E       F
            +---------+---------+-------+---------+---------+-------
      Total |   17667 |    7832 |  30.7 |     235 |      45 |  16.1
            +---------+---------+-------+---------+---------+-------
        D:1 |      38 |       0 |   0.0 |      20 |       0 |   0.0
        D:2 |      37 |      16 |  30.2 |      20 |       9 |  31.0
        D:3 |     102 |       2 |   1.9 |      15 |       2 |  11.8
        D:4 |     696 |      36 |   4.9 |      30 |       1 |   3.2
        D:5 |     842 |       0 |   0.0 |      23 |       0 |   0.0
        D:6 |    1268 |     453 |  26.3 |      23 |       2 |   8.0
        D:7 |    1081 |     111 |   9.3 |      25 |       3 |  10.7
        D:8 |    1763 |    1798 |  50.5 |      23 |      12 |  34.3
     Lair:1 |    3815 |       0 |   0.0 |      18 |       0 |   0.0
     Lair:2 |    2697 |    5166 |  65.7 |      15 |      15 |  50.0
     Lair:3 |    5328 |     250 |   4.5 |      23 |       1 |   4.2
            +---------+---------+-------+---------+---------+-------
